 Dungeon Crawl Stone Soup version 0.23.0-3-gf3c87f2 (console) character file.

Game seed: 9930279069699117468

77 vogonpoet the Skirmisher (level 4, -2/41 HPs)
             Began as a Hill Orc Hunter on Feb 21, 2019.
             Killed from afar by an orc wizard (6 damage)
             ... with a magic dart
             ... on level 3 of the Dungeon.
             The game lasted 00:04:34 (1563 turns).

vogonpoet the Skirmisher (Hill Orc Hunter)          Turns: 1563, Time: 00:04:35

Health: -2/41      AC:  5    Str: 15    XL:     4   Next: 33%
Magic:  4/4        EV: 11    Int: 11    God:
Gold:   76         SH:  0    Dex: 11    Spells: 3/3 levels left

rFire    . . .     SeeInvis .   k - +1 hand axe (distort)
rCold    . . .     Gourm    .   (no shield)
rNeg     . . .     Faith    .   h - +0 ring mail
rPois    .         Spirit   .   (no helmet)
rElec    .         Reflect  .   (no cloak)
rCorr    .         Harm     .   (no gloves)
MR       .....                  (no boots)
Stlth    ..........             (no amulet)
HPRegen  0.13/turn              p - ring of flight
MPRegen  0.09/turn              g - ring of attention (curse)

@: starving, slowed, very slow
A: no striking features
a: Evoke Flight


You were on level 3 of the Dungeon.
You were starving.

You visited 1 branch of the dungeon, and saw 3 of its levels.

You collected 76 gold pieces.

Inventory:

Hand Weapons
 a - a +0 short sword
 e - a +0 mace
 k - a +1 hand axe of distortion (weapon)
 n - a +0 spear
Missiles
 c - 6 javelins (quivered)
 d - 2 throwing nets
Armour
 b - a +0 leather armour
 h - a +0 ring mail (worn)
Jewellery
 g - a cursed ring of attention (right hand)
 p - a ring of flight (left hand)
Scrolls
 i - a scroll of remove curse {unknown}
 l - 2 scrolls of identify {unknown}
 m - a scroll of amnesia {unknown}
 q - a scroll of immolation {unknown}
 r - a scroll of enchant weapon {unknown}
Potions
 j - a potion of invisibility {unknown}
 o - a potion of resistance {unknown}
 s - a potion of curing {unknown}
 t - a potion of mutation {unknown}
 u - a potion of brilliance {unknown}
Comestibles
 f - 6 rations


   Skills:
 + Level 4.4 Fighting
 * Level 3.1 Axes
 - Level 3.6 Throwing
 - Level 1.5 Dodging
 - Level 0.7 Stealth


You had 3 spell levels left.
You didn't know any spells.
Your spell library was empty.

Dungeon Overview and Level Annotations

Branches:
Dungeon (3/15)

Altars:


Message History

The orc wizard hits you with a +0 dagger.
* * * LOW HITPOINT WARNING * * *
Your ring mail prevents you from hitting the orc wizard.
The orc wizard is moderately wounded.
The orc wizard gestures wildly while chanting.
The orc wizard blinks!
You closely miss the orc wizard.
The orc wizard is lightly wounded.
The orc wizard hits you but does no damage.
The orc wizard completely misses you.
You hit the orc wizard but do no damage.
Space bends around the orc wizard.
The orc wizard is heavily wounded.
The orc wizard points at you and mumbles some strange words.
The magic dart hits you.
* * * LOW HITPOINT WARNING * * *
The orc wizard hits you but does no damage.
The orc wizard casts a spell at you. The magic dart hits you.
You die...

...........
#...........
..........#
..........#
#.........#
##.####.##<#....#
.......o#.......#
.......@..)#....#
#.#.###.#))[....#
........<.....#
#..##..##..<..#
...............#
.....#..##.#...#
.....#..####.#....
..#..... .....
....%.. ..###


You could see an orc wizard.

Vanquished Creatures
  An orc priest (D:3)
  2 adders (D:2)
  A dart slug (D:1)
  A leopard gecko (D:1)
  2 orcs (D:3)
  A giant cockroach (D:1)
  5 hobgoblins
  4 bats (D:1)
  3 frilled lizards (D:1)
  2 goblins (D:1)
  3 kobolds
  2 rats
27 creatures vanquished.

Vanquished Creatures (others)
  An orc (D:3)
1 creature vanquished.

Grand Total: 28 creatures vanquished

Notes
Turn   | Place    | Note
-------+----------+-------------------------------------------
     0 | D:1      | vogonpoet the Hill Orc Hunter began the quest for the Orb.
     0 | D:1      | Reached XP level 1. HP: 18/18 MP: 1/1
   120 | D:1      | Reached skill level 3 in Fighting
   303 | D:1      | Reached XP level 2. HP: 18/26 MP: 2/2
  1044 | D:2      | Reached skill level 4 in Fighting
  1044 | D:2      | Reached skill level 1 in Axes
  1044 | D:2      | Reached XP level 3. HP: 23/33 MP: 3/3
  1548 | D:3      | Reached XP level 4. HP: 35/41 MP: 4/4
  1563 | D:3      | Killed from afar by an orc wizard

Skill      XL: |  1  2  3 |
---------------+----------+-----
Fighting       | 3 4 |  4.4
Axes           | 1 3 |  3.1
Throwing       | |  3.6
Dodging        | |  1.5
Stealth        | |  0.7

Action                   |  1- 3 |  4- 6 || total
-------------------------+-------+-------++-------
Melee: Mace              |    29 |       ||    29
       Short sword       |     7 |       ||     7
       Hand axe          |    46 |    10 ||    56
Throw: Javelin           |     2 |       ||     2
Armor: Leather armour    |    13 |       ||    13
       Ring mail         |    14 |     3 ||    17
Dodge: Dodged            |    50 |     4 ||    54
